Unix NetHack Version 3.7.0-62 Work-in-progress - last build Aug 7 2022 14:32:34 (f254b98e4f4e6c2f4e816e90bd3419c5233a8e5f,branch:master). Game began 2022-08-08 23:43:57, ended 2022-08-09 19:13:23. Moult, chaotic male elven Ranger ----- --- -------.|.-- --.----- |..........| ---- |......| --- |..........| |@.----- --.....-- --.-- |..........| --T....-- ---......| |...| |[--.--.---- .----......----........| |-..|-----.|------ -................-- -..| |...-|....)| |...........--.-- ----.| --...|.----- ---- --- ---........[.- ------.--.| --.....| ---..| --.------).....^.....-- .|.......-- |......-- ---....| |...|.--..............|...........| |.......-- --......| ---- ---..............................-- --........| ---.^.....| ---..| --.....--......................-- |..@......-- -..........---.....| ---.---|...........---.........| --.........----..................---------------.[......)..|--........-- --- |-.........................................%........)....--|.........-- --.---.%.......-----...---.--..------------------------[)[.*.-- |-.........| |............--- --..| ---|..| |)<).-- |.......^..| --.-----.|..-- ---- --- ---.-- --.--.|..-- --- ------ --------- Moult the Reconnoiterer St:16 Dx:16 Co:16 In:15 Wi:14 Ch:7 Chaotic S:26209 Dlvl:9 $:3057 HP:0(56) Pw:41(41) AC:-7 Xp:10/8176 T:19341 Latest messages: The water nymph seems more experienced. In what direction? j You throw 2 daggers. The 1st dagger hits the water nymph. The 2nd dagger hits the water nymph! In what direction? j You throw 2 daggers. The 1st dagger hits the water nymph! The 2nd dagger hits the water nymph! You kill the water nymph! W - 2 uncursed daggers (at the ready) (7 in total). You see here a white potion. W - 3 uncursed daggers (at the ready) (10 in total). You see here a white potion. l - a white potion. Where do you want to travel to? (For instructions type a '?') You descend the stairs. The gnome deliberately jumps onto a hidden trap! The gnome turns into a rock troll! The rock troll wields a thonged club! You hit the rock troll. The rock troll swings her thonged club. The rock troll hits! The rock troll hits! The rock troll bites! You hit the rock troll! The rock troll swings her thonged club. The rock troll hits! The rock troll hits! The rock troll bites! You climb up the stairs. The rock troll swings her thonged club. The rock troll hits! The rock troll hits! The rock troll bites! Are you sure you want to pray? y You begin praying to Mars. You are surrounded by a shimmering light. The rock troll starts to attack you, but pulls back. The rock troll starts to attack you, but pulls back. The rock troll starts to attack you, but pulls back. You finish your prayer. You feel that Mars is well-pleased. You hit the rock troll. The rock troll swings her thonged club. The rock troll hits! You die... Do you want your possessions identified? y Do you want to see your attributes? q Major events: Turn 1: Moult the chaotic male elven Ranger entered the dungeon 723: became literate by naming Sting 1683: entered the Gnomish Mines 1867: attained the rank of Lookout (level 3) 3519: entered Sokoban 4029: attained the rank of Trailblazer (level 6) 4207: completed sokoban 1 6916: reached Mine Town 11339: completed sokoban 2 12077: completed sokoban 3 13001: attained the rank of Reconnoiterer (level 10) 19341: killed by a rock troll Inventory: Weapons S - 35 +0 arrows d - a blessed +0 elven arrow k - 2 blessed +0 elven arrows c - 6 +2 elven arrows X - 7 +0 orcish arrows b - a +1 elven bow (alternate weapon; not wielded) W - 10 +0 daggers (at the ready) a - the +1 Sting (weapon in hand) Armor x - an uncursed +0 dwarvish iron helm (being worn) i - an uncursed burnt +2 pair of leather gloves (being worn) V - a blessed +3 pair of high boots (being worn) h - an uncursed +0 dwarvish cloak e - an uncursed burnt +2 elven cloak (being worn) m - an uncursed +0 mummy wrapping g - an uncursed +1 studded leather armor (being worn) Comestibles f - 3 uncursed lembas wafers n - an uncursed pear O - an uncursed tripe ration j - an uncursed egg I - 2 uncursed lizard corpses Potions l - a blessed potion of levitation Tools t - an uncursed blindfold p - a +0 pick-axe s - an uncursed stethoscope named 7944 2p tele pois w - an uncursed tin whistle q - a +0 unicorn horn Moult the Ranger's attributes: Background: You were a Reconnoiterer, a level 10 male elven Ranger. You were chaotic, on a mission for Mars who was opposed by Mercury (lawful) and Venus (neutral). You were in the Gnomish Mines, on level 9. You entered the dungeon 19341 turns ago. You had 8176 experience points, 1824 more were needed to attain level 11. Your score was 26209 before end-of-game adjustments. Basics: You had 0 out of 56 hit points. You had all 41 energy points (spell power). Your armor class was -7. Your wallet contained 3057 zorkmids. Autopickup was on for '_' plus thrown, with exceptions. Final Characteristics: Your strength was 16 (peak:17, limit:18). Your dexterity was 16 (limit:18). Your constitution was 16 (limit:16). Your intelligence was 15 (limit:20). Your wisdom was 14 (peak:15, limit:20). Your charisma was 7 (limit:18). Final Status: You were not hungry. You were unencumbered. You were wielding a dagger. You were skilled in dagger. Final Attributes: You were piously aligned. You were sleep resistant. You were poison resistant. You were telepathic. You were aware of the presence of orcs. You had automatic searching. You had infravision. You were stealthy. You had a small defense bonus (+2). You were warded. You are dead. Miscellaneous: You never encountered a bones level. Total elapsed playing time was 3 hours, 4 minutes and 48 seconds. Vanquished creatures: 5 wargs a glass piercer 2 ogre leaders a quantum mechanic a troll a wood golem a djinni a pyrolisk 2 large dogs a flaming sphere a shocking sphere a dwarf ruler a tengu an ochre jelly a python a wraith an ettin zombie a Grey-elf 3 soldiers 3 watchmen 3 giant beetles a cockatrice 6 wolves 2 winter wolf cubs a lynx a panther a gremlin 4 leprechauns 2 orc-captains 2 iron piercers a mumak 2 giant spiders a horse a black light a vampire bat 2 gnome rulers 3 orc mummies a rust monster an owlbear 2 yetis 2 werewolves 4 lizards 2 dingoes 2 dogs 3 dwarf leaders a blue jelly a black unicorn 2 dust vortices an ape 3 soldier ants 5 fire ants 6 bugbears an imp a quasit 2 wood nymphs 4 water nymphs 2 mountain nymphs 5 Mordor orcs an Uruk-hai 2 orc shamans 4 rock piercers a pony 3 yellow lights 3 shriekers a violet fungus 12 gnome leaders 5 gnomish wizards a kobold mummy a red naga hatchling a gray ooze 3 barrow wights 5 elf zombies a straw golem 10 giant ants 3 little dogs 3 floating eyes 5 kittens 13 dwarves 3 kobold shamans 3 hill orcs 15 rothes 2 giant bats 6 monkeys 2 orc zombies a dwarf zombie a werejackal 9 iguanas 4 killer bees 2 acid blobs 4 coyotes 4 hobbits 12 manes 2 large kobolds 6 hobgoblins 8 giant rats 8 cave spiders a brown mold 2 yellow molds 41 gnomes 4 geckos 12 jackals 3 foxes a kobold 6 goblins 3 sewer rats 23 grid bugs 6 bats 9 lichens 4 kobold zombies 12 newts 412 creatures vanquished. No species were genocided or became extinct. Voluntary challenges: You read items or engraved 33 times. You engraved Elbereth 25 times. You never genocided any monsters. You never polymorphed an object. You never changed form. You used no wishes. You did not violate any of the special Sokoban rules. Achievements: You entered a shop. You entered the Gnomish Mines. You attained the rank of Lookout. You entered Sokoban. You attained the rank of Trailblazer. You entered Minetown. You entered a temple. You attained the rank of Reconnoiterer. The Dungeons of Doom: levels 1 to 11 Level 1: A fountain. Level 2: A fountain. Level 3: A general store, a fountain. Level 4: Stairs down to The Gnomish Mines. Level 5: An altar to Mars. Level 6: A fountain. Level 7: Many fountains. Oracle of Delphi. Level 8: An altar. Stairs up to Sokoban, level 7. Level 9: "vault" Some fountains, a grave. Level 10: Level 11: The Gnomish Mines: levels 5 to 10 Level 5: Level 6: Level 7: Level 8: Some shops, a temple to Mars, some fountains. Level 9: <- You were here. Final resting place for you, killed by a rock troll. Level 10: Sokoban: levels 7 up to 4 Level 4: Unsolved. Level 5: Solved. Level 6: Solved. Level 7: Solved. Game over: ---------- / \ / REST \ / IN \ / PEACE \ / \ | Moult | | 3057 Au | | killed by a rock | | troll | | | | | | 2022 | *| * * * | * _________)/\\_//(\/(/\)/\//\/|_)_______ Goodbye Moult the Ranger... You died in The Gnomish Mines on dungeon level 9 with 25904 points, and 3057 pieces of gold, after 19341 moves. You were level 10 with a maximum of 56 hit points when you died.